 Dungeon Crawl Stone Soup version 0.26.1-11-gd32895ea62 (webtiles) character file.

Game seed: 7212226293193940753

35 Zeld the Insei (level 3, 0/23 HPs)
             Began as an Octopode Transmuter on May 26, 2021.
             Slain by an orc wizard
             ... wielding a +0 dagger
              (2 damage)
             ... on level 3 of the Dungeon.
             The game lasted 00:01:53 (1588 turns).

Zeld the Insei (Octopode Transmuter)                Turns: 1588, Time: 00:01:53

Health: 0/23       AC:  1    Str: 10    XL:     3   Next: 35%
Magic:  6/6        EV: 13    Int: 15    God:
Gold:   50         SH:  0    Dex: 12    Spells: 1/7 levels left

rFire    . . .     SeeInvis .     - Unarmed
rCold    . . .     Faith    .   (no shield)
rNeg     . . .     Spirit   .   (helmet currently unavailable)
rPois    .         Reflect  .   (no amulet)
rElec    .         Harm     .   (no ring)
rCorr    .         Rampage  .   (no ring)
Will     .....                  (no ring)
Stlth    ++........             (no ring)
HPRegen  0.07/turn              (no ring)
MPRegen  0.10/turn              (no ring)
                                (no ring)
                                (no ring)

@: appendages (expiring)
A: almost no armour, stealthy swim, amphibious, 8 rings, constrict 8, tentacle
spike 3, camouflage 1, gelatinous body 1
a: End Transformation


You were on level 3 of the Dungeon.
One of your tentacles had a temporary spike.
You visited 1 branch of the dungeon, and saw 4 of its levels.

You collected 50 gold pieces.

Inventory:

Jewellery
 e - an uncursed ring of protection from fire {unknown}
Scrolls
 b - a scroll of noise {unknown}
 c - a scroll of remove curse {unknown}
 d - 2 scrolls of magic mapping {unknown}
 f - a scroll of teleportation {unknown}
 g - a scroll of random uselessness {unknown}
Potions
 a - a potion of degeneration {unknown}


   Skills:
 + Level 1.4 Fighting
 + Level 2.3 Dodging
 - Level 3.0 Unarmed Combat
 * Level 2.5 Spellcasting
 * Level 2.6 Transmutations


You had one spell level left.
You knew the following spells:

 Your Spells              Type           Power        Failure   Level
a - Beastly Appendage     Tmut           18%          8%          1
b - Wereblood             Tmut           9%           11%         2
c - Spider Form           Tmut/Pois      2%           36%         3

Your spell library contained the following spells:

 Spells                   Type           Power        Failure   Level
 Ice Form                 Ice/Tmut       5%           77%         4
 Blade Hands              Tmut           4%           90%         5


Dungeon Overview and Level Annotations

Branches:
Dungeon (4/15)
 Temple: D:4-7

Altars:


Innate Abilities, Weirdness & Mutations

You cannot wear most types of armour.
You are very stealthy in the water. (Stealth+)
You are amphibious.
You can wear up to eight rings at the same time.
You can use your tentacles to constrict eight enemies at once.
Your skin changes colour to match your surroundings (Stealth+).
Your rubbery body absorbs attacks. (AC +1, EV +1)
One of your tentacles bears a large vicious spike.


Message History

The orc wizard hits you with a +0 dagger.
You bump into the rock wall.
The orc wizard hits you with a +0 dagger.
You tentacle-slap the orc.
Your tentacle spike misses the orc.
The orc is moderately wounded.
The orc wizard points at you and mumbles some strange words.
You resist with significant effort. The orc barely misses you.
The orc wizard hits you but does no damage.
You bump into the rock wall.
You feel less confused.
The orc wizard hits you with a +0 dagger.
* * * LOW HITPOINT WARNING * * *
The orc hits you.
* * * LOW HITPOINT WARNING * * *
Unknown command.
You tentacle-slap the orc wizard. Your grab misses the orc wizard.
Your tentacle spike misses the orc wizard.
The orc wizard is lightly wounded.
The orc wizard hits you with a +0 dagger.
You die...

#...# .(....<.....
##).######.........o...
.(......<..............
............##........#
(..........###......#.#
........................
.>.............######...
.########.##...o........
.########......o@.......
...........(#########...
....######.## # .....##
### ......# ......#
......# .....## #...##


You could see an orc wizard and an orc.

Vanquished Creatures
  An adder (D:3)
  A dart slug (D:1)
  A leopard gecko (D:4)
  2 orcs
  2 giant cockroaches (D:1)
  A hobgoblin (D:1)
  5 kobolds
  2 quokkas
  3 frilled lizards
  4 rats
22 creatures vanquished.

Notes
Turn   | Place    | Note
-------+----------+-------------------------------------------
     0 | D:1      | Zeld the Octopode Transmuter began the quest for the Orb.
     0 | D:1      | Reached XP level 1. HP: 13/13 MP: 3/3
   229 | D:1      | Reached XP level 2. HP: 18/18 MP: 3/5
   232 | D:1      | Learned a level 2 spell: Wereblood
  1103 | D:3      | Reached XP level 3. HP: 22/23 MP: 2/6
  1107 | D:3      | Learned a level 3 spell: Spider Form
  1390 | D:4      | Noticed an ogre
  1588 | D:3      | Slain by an orc wizard

Illustrated notes

Levels and vault maps discovered:
D:1:      wander_arrival_peaceful_grave, layout_basic
D:2:      layout_basic
D:3:      layout_rooms, gammafunk_ghost_necromancy
D:4:      layout_rooms, minmay_temple_entry_ruins

Action                   || total
-------------------------++-------
Melee: Unarmed           ||    50
       Constrict         ||    15
       Kick              ||    11
       Tentacles         ||     6
       Punch             ||     2
 Cast: Beastly Appendage ||    17
       Wereblood         ||     1
 Stab: Sleeping          ||     4
Armor: Skin              ||     4
Dodge: Dodged            ||    23
